 Dungeon Crawl Stone Soup version 0.30.0-17-ge0270778cf (webtiles) character file.

Game seed: 8517589598293102413

201 cheesebisquit the Caller (level 5, -1/28 (35) HPs)
             Began as a Merfolk Summoner on May 22, 2023.
             Slain by Edmund
             ... wielding a +5 dire flail of draining
              (4 damage)
             ... on level 4 of the Dungeon.
             The game lasted 00:27:44 (4964 turns).

cheesebisquit the Caller (Merfolk Summoner)         Turns: 4964, Time: 00:27:45

HP:   -1/28 (35)    AC:  7    Str:  9    XL:     5   Next: 79%
MP:   7/11          EV: 12    Int: 16    God:
Gold: 87            SH:  0    Dex: 14    Spells: 3/12 levels left

rFire   . . .        s - +2 short sword (venom)
rCold   . . .        (no shield)
rNeg    . . .        a - +1 robe
rPois   .            c - +2 helmet
rElec   .            b - +0 cloak
rCorr   .            (no gloves)
SInv    .            (no boots)
Will    .....        (no amulet)
Stlth   ++           (no ring)
HPRegen 0.24/turn    (no ring)
MPRegen 0.12/turn

%: no passive effects
@: heavily drained
A: (nimble swimmer 2), mertail
a: no special abilities


You were on level 4 of the Dungeon.
You visited 1 branch of the dungeon, and saw 4 of its levels.

You collected 165 gold pieces.
You spent 78 gold pieces at shops.

Inventory:

Hand Weapons
 s - a +2 short sword of venom (weapon)
Missiles
 h - 2 poisoned darts
Armour
 a - a +1 robe (worn)
 b - a +0 cloak (worn)
 c - a +2 helmet (worn)
Scrolls
 e - a scroll of poison {unknown}
 f - 4 scrolls of noise
 j - a scroll of identify
 p - a scroll of amnesia {unknown}
 q - 2 scrolls of immolation {unknown}
 t - a scroll of teleportation
Potions
 d - 3 potions of degeneration
 g - a potion of flight {unknown}
 i - a potion of heal wounds
 k - 2 potions of curing {unknown}
 m - a potion of attraction {unknown}
 n - 3 potions of might {unknown}
 o - a potion of lignification {unknown}
 r - 2 potions of ambrosia {unknown}


   Skills:
 - Level 2.6 Dodging
 - Level 2.1 Stealth
 + Level 4.0 Spellcasting
 + Level 5.6 Summonings


You had 3 spell levels left.
You knew the following spells:

 Your Spells              Type           Power      Damage    Failure   Level
a - Summon Small Mammal   Summ           84%        N/A       1%          1
b - Call Imp              Summ           42%        N/A       2%          2
c - Call Canine Familiar  Summ           21%        N/A       4%          3
d - Summon Guardian Gole  Hex/Summ       12%        N/A       16%         3

Your spell library contained the following spells:

 Spells                   Type           Power      Damage    Failure   Level
 Portal Projectile        Hex/Tloc       6%         N/A       45%         3
 Summon Lightning Spire   Summ/Air       12%        N/A       47%         4
 Cause Fear               Hex            1%         N/A       86%         4
 Leda's Liquefaction      Hex/Erth       1%         N/A       86%         4
 Dragon Form              Tmut           1%         N/A       100%        7
 Dragon's Call            Summ           10%        N/A       100%        9


Dungeon Overview and Level Annotations

Branches:
Dungeon (4/15)
 Temple: D:4-7

Altars:
Vehumet

Shops:
D:2 ?   D:3 :

Annotations:
D:4 Edmund


Innate Abilities, Weirdness & Mutations

((You are very nimble when in or above water. (Stealth+, EV+, Speed+++)))
Your lower body shifts to a powerful aquatic tail in water.


Message History

Your hound bites Edmund but does no damage.
Edmund barely misses your cerulean imp.
Your hound bites Edmund but does no damage.
Edmund hits your cerulean imp with a +5 dire flail of draining!
Your cerulean imp dies!
Your cerulean imp disappears in a puff of smoke!
Edmund attacks as you move away!
Edmund hits you with a +5 dire flail of draining!
You feel drained. Edmund barely misses you. Edmund attacks as you move away!
Edmund hits you with a +5 dire flail of draining.
You feel drained.
Your hound bites Edmund.
Edmund hits you with a +5 dire flail of draining.
You feel drained.
Your hound barely misses Edmund.
Edmund says, "Everyone always remembers my brother. 'Who's Edmund?' they ask!"
Edmund barely misses you.
Your hound bites Edmund but does no damage.
Edmund hits you with a +5 dire flail of draining.
You feel drained. Edmund attacks as you move away! Edmund closely misses you.
Your hound seems less drained.
Your hound closely misses Edmund.
Blink to where?
Press: ? - help, Dir - move target
As you read the scroll of blinking, it crumbles to dust.
Things that are here:
a +0 short sword; a +0 ring mail
Things that are here:
a +0 flail; a +0 trident; an orc skeleton Blink to where?
Press: ? - help, Dir - move target
As you read the scroll of blinking, it crumbles to dust.
Edmund hits you with a +5 dire flail of draining!
* * * LOW HITPOINT WARNING * * *
You feel drained.
* * * LOW HITPOINT WARNING * * *
Your hound bites Edmund.
Edmund hits you with a +5 dire flail of draining.
You die...

#.........#..# #...............#
...........#..##.........).....#
.........#.# ..................#
.........#.# ##..............#.#
.....(...#.# ##............##.#
.........#.#####......####### .#
#.......##.##......#..#
......................#
.........###>...@@..).#
........)..#.##.h##)#### #.#
.........#.. #....))..#### #.#
...........# #.###h......# #.#
#.......#### .. #.###..)## #.#
........# ..## #..# ##.).# #.#
#######.# #. ##..## ##))# #.#
... #.##ยง.# #..# #.# #.##
#..)h## #))###.#


You could see Edmund (fast, ally target) and a friendly hound (summoned).

Vanquished Creatures
  A worm (D:2)
  An endoplasm (D:1)
  A giant cockroach (D:3)
  3 goblins (D:4)
  2 jackals
  A rat (D:2)
9 creatures vanquished.

Vanquished Creatures (collateral kills)
  An iguana (D:4)
  Robin (D:4)
  3 gnolls (D:2)
  3 adders
  A worm (D:2)
  2 dart slugs (D:1)
  5 orcs (D:4)
  5 ball pythons
  5 endoplasms
  2 giant cockroaches
  11 goblins
  12 hobgoblins
  5 jackals
  7 kobolds
  4 quokkas
  4 bats
  2 frilled lizards
  3 rats
76 creatures vanquished.

Grand Total: 85 creatures vanquished

Notes
Turn   | Place    | Note
-------+----------+-------------------------------------------
     0 | D:1      | cheesebisquit the Merfolk Summoner began the quest for the
                  | Orb.
     0 | D:1      | Reached XP level 1. HP: 13/13 MP: 3/3
   183 | D:1      | Reached XP level 2. HP: 19/19 MP: 0/5
   256 | D:1      | Learned a level 2 spell: Call Imp
   646 | D:1      | Reached XP level 3. HP: 24/24 MP: 1/6
  1815 | D:2      | Found Hoadon's Magic Scroll Boutique.
  1864 | D:2      | Bought 2 scrolls of identify for 52 gold pieces
  2282 | D:2      | Bought a scroll of identify for 26 gold pieces
  2324 | D:2      | Learned a level 3 spell: Call Canine Familiar
  2473 | D:2      | You fall into a shaft and drop 1 floor!
  2492 | D:3      | Reached XP level 4. HP: 14/30 MP: 2/8
  2644 | D:2      | Reached skill level 5 in Summonings
  2652 | D:2      | Learned a level 3 spell: Summon Guardian Golem
  3840 | D:3      | Found Guxo's Vocational Training.
  3991 | D:3      | Found a faded altar of an unknown god.
  4062 | D:3      | Found a radiant altar of Vehumet.
  4065 | D:3      | Noticed a centaur
  4569 | D:4      | Reached XP level 5. HP: 35/35 MP: 7/10
  4786 | D:4      | Noticed Robin
  4816 | D:4      | Killed Robin
  4932 | D:4      | Noticed Edmund
  4964 | D:4      | Slain by Edmund

Illustrated notes

Levels and vault maps discovered:
D:1:      evilmike_arrival_crescent, layout_basic
D:2:      layout_loops_ring, serial_shops, shop_scrolls
D:3:      layout_loops_ring, vehumet_altar_wand_db,
          shapermc_ecumenical_altar_flowoftime, nicolae_shop_vocational
D:4:      layout_rooms, serial_shops, shop, uniq_robin, uniq_edmund

Skill      XL: |  1  2  3  4  5 |
---------------+----------------+-----
Spellcasting   | 3 4 |  4.0
Summonings     | 5 |  5.6
Dodging        | |  2.6
Stealth        | |  2.1

Action                     |  1- 3 |  4- 6 || total
---------------------------+-------+-------++-------
  Melee: Unarmed           |    12 |       ||    12
         Club              |    22 |    33 ||    55
         Short sword       |       |    13 ||    13
         Punch             |       |     1 ||     1
   Cast: Summon Small Mamm |    65 |    42 ||   107
         Call Imp          |    20 |    21 ||    41
         Call Canine Famil |       |     3 ||     3
    Use: Scroll            |     8 |     4 ||    12
         Potion            |       |     5 ||     5
   Stab: Distracted        |       |     1 ||     1
 Armour: Robe              |     9 |    12 ||    21
  Dodge: Dodged            |    50 |    37 ||    87
